[ AOE2 MATCH · #507156756 ]
UnrankedPersians vs Tupi
Player's team · WIN
Rival team · LOSS
[ REPLAY ANALYSIS · EXTRACTED FROM THE RECORDED GAME ]
Feudal
9:20
Castle
—
Imperial
—
| APM avg | 67.5 |
| APM peak | 94 |
| eAPM avg | 27.4 |
| Villagers / military | 53 / 26 |
Focus
⚔️ 29.3% · 🌾 70.7%
Archer ×26
Feudal
12:37
Castle
—
Imperial
—
| APM avg | 72.1 |
| APM peak | 103 |
| eAPM avg | 39.5 |
| Villagers / military | 71 / 0 |
Focus
⚔️ 59.6% · 🌾 40.4%
Unknown (2550) ×22
Match map
Initial resources + every placement click. Lines = walls · curves = elevation contours. ◆ gold · ⬟ stone · ● berries · ✦ relic · ◌ wall gap
Your base· Open — unwalled flank
SVTT | Альпинист's base· Open — unwalled flank
Smoothed initial terrain · ◌ = detected wall gap · hover for details
Inputs per minute
— dlms9 - - SVTT | Альпинист
Build order — dlms9
150 actions detected in the replay
| 0:00 | Queue | Villager (Male) |
| 0:01 | Queue | Villager (Male) |
| 0:02 | Build | House |
| 0:05 | Build | House |
| 0:07 | Queue | Villager (Male) |
| 0:07 | Queue | Villager (Male) |
| 0:09 | Queue | Villager (Male) |
| 0:09 | Queue | Villager (Male) |
| 1:10 | Research | Loom |
| 1:23 | Queue | Villager (Male) |
| 1:23 | Queue | Villager (Male) |
| 1:23 | Queue | Villager (Male) |
| 2:06 | Build | Lumber Camp |
| 2:12 | Queue | Villager (Male) |
| 2:12 | Queue | Villager (Male) |
| 2:19 | Queue | Villager (Male) |
| 2:19 | Queue | Villager (Male) |
| 3:05 | Queue | Villager (Male) |
| 3:05 | Queue | Villager (Male) |
| 3:06 | Queue | Villager (Male) |
| 3:35 | Queue | Villager (Male) |
| 3:35 | Queue | Villager (Male) |
| 4:01 | Queue | Villager (Male) |
| 4:44 | Build | Palisade Wall |
| 4:47 | Build | Palisade Wall |
| 4:48 | Build | Palisade Wall |
| 4:48 | Build | Palisade Wall |
| 4:49 | Build | House |
| 5:07 | Build | Palisade Wall |
| 5:28 | Queue | Villager (Male) |
| 5:43 | Build | Barracks |
| 5:46 | Queue | Villager (Male) |
| 5:48 | Queue | Villager (Male) |
| 6:09 | Build | Barracks |
| 6:31 | Queue | Villager (Male) |
| 6:35 | Build | House |
| 7:05 | Build | House |
| 7:17 | Research | Feudal Age |
| 7:56 | Build | Mining Camp |
| 8:25 | Build | Palisade Wall |
| 8:25 | Build | Palisade Wall |
| 8:26 | Build | Palisade Wall |
| 8:26 | Build | Palisade Wall |
| 8:30 | Build | Palisade Wall |
| 8:31 | Build | Palisade Wall |
| 8:35 | Queue | Villager (Male) |
| 8:46 | Build | Palisade Wall |
| 8:50 | Queue | Villager (Male) |
| 9:12 | Queue | Villager (Male) |
| 9:20 | Age | Feudal Age |
| 9:22 | Build | Archery Range |
| 9:25 | Research | Double-Bit Axe |
| 9:38 | Queue | Villager (Male) |
| 10:06 | Queue | Archer |
| 10:06 | Queue | Archer |
| 10:41 | Build | Mill |
| 10:44 | Build | Palisade Wall |
| 10:51 | Queue | Villager (Male) |
| 11:07 | Queue | Villager (Male) |
| 11:12 | Queue | Archer |
| 11:12 | Queue | Archer |
| 11:19 | Research | Horse Collar |
| 11:19 | Research | Horse Collar |
| 11:24 | Build | Farm |
| 11:25 | Build | Farm |
| 11:30 | Build | Farm |
| 11:34 | Build | House |
| 11:47 | Queue | Villager (Male) |
| 11:51 | Build | Farm |
| 12:01 | Queue | Villager (Male) |
| 12:03 | Queue | Villager (Male) |
| 12:06 | Build | Farm |
| 12:13 | Queue | Archer |
| 12:23 | Build | House |
| 12:38 | Queue | Villager (Male) |
| 12:42 | Build | Farm |
| 12:51 | Build | Palisade Wall |
| 12:52 | Build | Palisade Wall |
| 13:11 | Build | Watch Tower |
| 13:39 | Queue | Villager (Male) |
| 13:39 | Queue | Villager (Male) |
| 13:39 | Queue | Villager (Male) |
| 13:41 | Build | Farm |
| 13:41 | Build | Farm |
| 14:04 | Queue | Villager (Male) |
| 14:06 | Build | Lumber Camp |
| 14:11 | Build | Palisade Wall |
| 14:12 | Build | Palisade Wall |
| 14:15 | Queue | Villager (Male) |
| 14:43 | Build | House |
| 14:53 | Queue | Archer |
| 14:54 | Queue | Archer |
| 15:25 | Build | Mining Camp |
| 15:27 | Queue | Villager (Male) |
| 15:29 | Queue | Archer |
| 15:29 | Queue | Archer |
| 15:39 | Queue | Archer |
| 15:39 | Queue | Archer |
| 15:48 | Queue | Archer |
| 15:54 | Queue | Villager (Male) |
| 16:01 | Queue | Archer |
| 16:12 | Build | Blacksmith |
| 16:19 | Build | House |
| 16:25 | Build | Watch Tower |
| 16:34 | Queue | Villager (Male) |
| 16:35 | Queue | Archer |
| 16:48 | Queue | Villager (Male) |
| 16:54 | Build | House |
| 16:58 | Research | Fletching |
| 16:58 | Research | Fletching |
| 16:59 | Queue | Archer |
| 17:00 | Queue | Villager (Male) |
| 17:03 | Build | Farm |
| 17:06 | Build | Farm |
| 17:12 | Queue | Archer |
| 17:13 | Queue | Archer |
| 17:23 | Build | House |
| 17:29 | Queue | Archer |
| 17:30 | Queue | Villager (Male) |
| 17:33 | Build | Farm |
| 17:51 | Queue | Villager (Male) |
| 18:25 | Queue | Villager (Male) |
| 18:26 | Queue | Archer |
| 18:26 | Queue | Archer |
| 18:27 | Queue | Archer |
| 18:48 | Queue | Villager (Male) |
| 18:49 | Queue | Villager (Male) |
| 18:49 | Queue | Villager (Male) |
| 19:04 | Queue | Archer |
| 19:04 | Queue | Archer |
| 19:06 | Queue | Archer |
| 19:08 | Build | Farm |
| 19:09 | Build | Farm |
| 19:12 | Build | Market |
| 19:13 | Queue | Villager (Male) |
| 19:44 | Queue | Villager (Male) |
| 19:47 | Build | Mill |
| 19:48 | Build | Farm |
| 19:48 | Build | Farm |
| 19:48 | Build | Farm |
| 19:48 | Build | Farm |
| 19:49 | Build | Farm |
| 20:02 | Build | House |
| 20:23 | Build | Watch Tower |
| 20:29 | Queue | Villager (Male) |
| 20:31 | Build | Farm |
| 20:59 | Build | Palisade Wall |
| 21:03 | Queue | Archer |
| 21:03 | Queue | Archer |
| 21:14 | Queue | Villager (Male) |
Build order — SVTT | Альпинист
137 actions detected in the replay
| 0:00 | Queue | Villager (Male) |
| 0:01 | Queue | Villager (Male) |
| 0:01 | Queue | Villager (Male) |
| 0:03 | Build | House |
| 0:03 | Queue | Villager (Male) |
| 0:04 | Build | House |
| 0:10 | Build | Barracks |
| 1:04 | Queue | Villager (Male) |
| 1:04 | Queue | Villager (Male) |
| 1:28 | Research | Loom |
| 1:28 | Research | Loom |
| 1:45 | Queue | Unit 2550 |
| 1:45 | Queue | Unit 2550 |
| 2:18 | Queue | Unit 2550 |
| 2:18 | Queue | Unit 2550 |
| 2:39 | Queue | Villager (Male) |
| 2:39 | Queue | Villager (Male) |
| 3:03 | Queue | Villager (Male) |
| 3:04 | Queue | Villager (Male) |
| 3:23 | Queue | Villager (Male) |
| 3:23 | Queue | Villager (Male) |
| 3:54 | Queue | Villager (Male) |
| 3:54 | Queue | Villager (Male) |
| 3:56 | Build | House |
| 4:23 | Queue | Villager (Male) |
| 4:39 | Queue | Villager (Male) |
| 4:39 | Queue | Villager (Male) |
| 4:54 | Build | Outpost |
| 5:04 | Queue | Villager (Male) |
| 5:04 | Queue | Villager (Male) |
| 5:27 | Queue | Unit 2550 |
| 5:29 | Queue | Villager (Male) |
| 5:30 | Queue | Villager (Male) |
| 5:30 | Queue | Villager (Male) |
| 6:10 | Queue | Villager (Male) |
| 6:10 | Queue | Villager (Male) |
| 6:14 | Build | Settlement |
| 6:21 | Queue | Unit 2550 |
| 6:22 | Queue | Unit 2550 |
| 6:43 | Queue | Villager (Male) |
| 6:43 | Queue | Villager (Male) |
| 7:22 | Queue | Villager (Male) |
| 7:22 | Queue | Villager (Male) |
| 7:23 | Queue | Villager (Male) |
| 7:25 | Build | Settlement |
| 7:31 | Queue | Villager (Male) |
| 7:31 | Queue | Villager (Male) |
| 8:26 | Queue | Villager (Male) |
| 8:40 | Build | Farm |
| 8:59 | Build | Farm |
| 9:05 | Queue | Villager (Male) |
| 9:49 | Build | Farm |
| 10:27 | Research | Feudal Age |
| 10:28 | Research | Feudal Age |
| 10:34 | Build | House |
| 10:51 | Build | Settlement |
| 11:48 | Build | House |
| 12:04 | Queue | Unit 2550 |
| 12:04 | Queue | Unit 2550 |
| 12:33 | Queue | Unit 2550 |
| 12:33 | Queue | Unit 2550 |
| 12:37 | Age | Feudal Age |
| 12:44 | Build | Watch Tower |
| 12:47 | Build | Watch Tower |
| 12:50 | Queue | Villager (Male) |
| 12:51 | Queue | Unit 2550 |
| 12:51 | Queue | Unit 2550 |
| 13:00 | Build | Watch Tower |
| 13:09 | Queue | Villager (Male) |
| 13:09 | Queue | Villager (Male) |
| 13:09 | Queue | Villager (Male) |
| 13:41 | Queue | Villager (Male) |
| 13:57 | Research | Tech 1402 |
| 13:57 | Research | Tech 1402 |
| 14:01 | Queue | Villager (Male) |
| 14:06 | Build | House |
| 14:13 | Build | Watch Tower |
| 14:14 | Queue | Villager (Male) |
| 14:14 | Queue | Villager (Male) |
| 14:31 | Queue | Villager (Male) |
| 14:31 | Queue | Villager (Male) |
| 14:49 | Build | Watch Tower |
| 15:05 | Queue | Unit 2550 |
| 15:05 | Queue | Unit 2550 |
| 15:28 | Build | Settlement |
| 15:31 | Build | Settlement |
| 15:34 | Build | Palisade Wall |
| 15:34 | Build | Palisade Wall |
| 15:34 | Build | Palisade Wall |
| 15:36 | Build | Palisade Wall |
| 15:39 | Queue | Villager (Male) |
| 15:39 | Queue | Villager (Male) |
| 16:04 | Build | Watch Tower |
| 16:08 | Queue | Villager (Male) |
| 16:08 | Queue | Villager (Male) |
| 16:09 | Queue | Villager (Male) |
| 16:25 | Queue | Villager (Male) |
| 16:26 | Queue | Villager (Male) |
| 16:46 | Queue | Villager (Male) |
| 16:46 | Queue | Villager (Male) |
| 17:04 | Build | Watch Tower |
| 17:12 | Queue | Villager (Male) |
| 17:12 | Queue | Villager (Male) |
| 17:13 | Queue | Villager (Male) |
| 17:13 | Queue | Villager (Male) |
| 17:30 | Queue | Villager (Male) |
| 17:30 | Queue | Villager (Male) |
| 17:45 | Build | Watch Tower |
| 17:50 | Queue | Villager (Male) |
| 17:50 | Queue | Villager (Male) |
| 18:05 | Queue | Villager (Male) |
| 18:06 | Queue | Villager (Male) |
| 18:09 | Build | Market |
| 18:44 | Queue | Unit 2550 |
| 18:44 | Queue | Unit 2550 |
| 18:54 | Queue | Unit 2550 |
| 18:54 | Queue | Unit 2550 |
| 19:04 | Build | House |
| 19:06 | Queue | Unit 2550 |
| 19:06 | Queue | Unit 2550 |
| 19:09 | Queue | Villager (Male) |
| 19:09 | Queue | Villager (Male) |
| 19:09 | Queue | Villager (Male) |
| 19:13 | Build | Settlement |
| 19:25 | Queue | Unit 2550 |
| 19:27 | Build | Blacksmith |
| 19:32 | Queue | Villager (Male) |
| 19:32 | Queue | Villager (Male) |
| 19:32 | Queue | Villager (Male) |
| 19:54 | Build | Barracks |
| 19:58 | Queue | Villager (Male) |
| 20:09 | Build | Watch Tower |
| 20:12 | Research | Fletching |
| 20:12 | Research | Fletching |
| 20:47 | Build | Settlement |
| 21:02 | Queue | Villager (Male) |
| 21:03 | Queue | Villager (Male) |
Match timeline
| 0:10 | SVTT | Альпинист · first_building Barracks |
| 4:44 | dlms9 · wall_segment Palisade Wall x1 |
| 4:47 | dlms9 · wall_segment Palisade Wall x1 |
| 4:48 | dlms9 · wall_segment Palisade Wall x1 |
| 4:48 | dlms9 · wall_segment Palisade Wall x1 |
| 5:07 | dlms9 · wall_segment Palisade Wall x1 |
| 5:43 | dlms9 · first_building Barracks |
| 8:25 | dlms9 · wall_segment Palisade Wall x1 |
| 8:25 | dlms9 · wall_segment Palisade Wall x1 |
| 8:26 | dlms9 · wall_segment Palisade Wall x1 |
| 8:26 | dlms9 · wall_segment Palisade Wall x1 |
| 8:30 | dlms9 · wall_segment Palisade Wall x1 |
| 8:31 | dlms9 · wall_segment Palisade Wall x1 |
| 8:46 | dlms9 · wall_segment Palisade Wall x1 |
| 9:20 | dlms9 · age_up feudal |
| 9:22 | dlms9 · first_building Archery Range |
| 10:44 | dlms9 · wall_segment Palisade Wall x1 |
| 12:37 | SVTT | Альпинист · age_up feudal |
| 12:51 | dlms9 · wall_segment Palisade Wall x5 |
| 12:52 | dlms9 · wall_segment Palisade Wall x4 |
| 14:11 | dlms9 · wall_segment Palisade Wall x1 |
| 14:12 | dlms9 · wall_segment Palisade Wall x1 |
| 15:34 | SVTT | Альпинист · wall_segment Palisade Wall x2 |
| 15:34 | SVTT | Альпинист · wall_segment Palisade Wall x2 |
| 15:34 | SVTT | Альпинист · wall_segment Palisade Wall x1 |
| 15:36 | SVTT | Альпинист · wall_segment Palisade Wall x1 |
| 19:23 | SVTT | Альпинист · first_market_buy 100 food |
| 19:30 | SVTT | Альпинист · first_market_sell 100 food |
| 20:04 | dlms9 · first_market_buy 100 food |
| 20:59 | dlms9 · wall_segment Palisade Wall x1 |
| 21:17 | dlms9 · first_market_sell 100 wood |
| 21:27 | SVTT | Альпинист · resign |
[ AI ANALYSIS · 1 CREDIT ]
What really happened in this match?
Wolo.gg analyzes every decision: build order, eco, micro, common mistakes by bracket. Personalized analysis on WhatsApp or Discord in 30 seconds.
Civ guide
Persians
Perfil
Jugador #4437805